WCHLSIM.com - West Coast Hockey League
html PUBLIC "-//W3C//DTD XHTML 1.0 Transitional//EN" "http://www.w3.org/TR/xhtml1/DTD/xhtml1-transitional.dtd"> WCHL - Game 151 - ANAHEIM OUTLAWS vs ANCHORAGE ACES

ANAHEIM OUTLAWS vs ANCHORAGE ACES

Created - 4 décembre 2020 at 22:16

Goals
1 2 3 T
ANAHEIM OUTLAWS 0 0 2 2
ANCHORAGE ACES 2 1 0 3
Shots
1 2 3 T
ANAHEIM OUTLAWS 7 6 11 24
ANCHORAGE ACES 13 15 13 41

1st period

1. ANCHORAGE ACES , Connor McDavid 3 (Shea Weber 3) at 14:03
2. ANCHORAGE ACES , Nikolaj Ehlers 5 (Jakob Silfverberg 4) at 18:23

Penalties :
Richard Panik (ANA) for Hooking (Minor) at 4:56, Noah Hanifin (ANA) for Tripping (Minor) at 8:06

2nd period

3. ANCHORAGE ACES , Connor McDavid 4 (Nikolaj Ehlers 5, Jakob Silfverberg 5) at 1:45

Penalties :
Seth Jones (ANC) for Tripping (Minor) at 16:59

3rd period

4. ANAHEIM OUTLAWS , Pierre Engvall 1 (Noah Hanifin 1, Joey Anderson 1) at 11:44
5. ANAHEIM OUTLAWS , Kasperi Kapanen 3 (Jordan Staal 2) at 12:24

Penalties :
Patrik Nemeth (ANA) for Hooking (Minor) at 2:41

Goalie Stats

Pekka Rinne (ANA), 38 saves from 41 shots - (0,927), L, 0-1-1, 59:02 minutes
James Reimer (ANC), 22 saves from 24 shots - (0,917), W, 2-0-0, 60:00 minutes

Players Stats for ANAHEIM OUTLAWS

Player Name              G  A  P  +/- PIM S  H  SB GA TA FO     MP     PP MP  PK MP  
------------------------------------------------------------------------------------
Adrian Kempe             0  0  0   0  0   5  1  0  0  0  0/0    15:56   1:11   0:00 
Frederik Gauthier        0  0  0   1  0   0  1  0  0  0  5/9     8:08   0:00   0:00 
Jake Gardiner            0  0  0   1  0   0  0  1  0  0  0/0    15:58   0:00   1:51 
Joey Anderson            0  1  1   1  0   1  0  0  0  0  0/2     8:08   0:00   0:00 
John Tavares             0  0  0   0  0   2  2  0  0  0  19/27  20:15   0:48   3:44 
Jordan Staal             0  1  1   0  0   2  0  0  0  0  9/16   19:23   1:11   3:27 
Justin Faulk             0  0  0   1  0   1  0  3  0  0  0/0    14:32   0:00   0:25 
Kasperi Kapanen          1  0  1   0  0   2  1  0  0  0  1/2    15:56   1:11   0:00 
Keith Yandle             0  0  0  -2  0   1  1  0  0  0  0/0    24:56   1:11   2:41 
Kevin Fiala              0  0  0   0  0   5  3  0  0  0  0/0    18:44   0:48   2:13 
Michael Grabner          0  0  0  -2  0   2  0  1  0  0  0/0    13:28   0:00   0:00 
Morgan Rielly            0  0  0  -2  0   1  1  2  0  0  0/0    25:10   1:11   2:55 
Noah Hanifin             0  1  1   0  2   0  0  1  0  0  0/0    19:33   0:48   1:53 
Patrik Nemeth            0  0  0   0  2   0  2  0  0  0  0/0    19:49   0:48   2:09 
Pierre Engvall           1  0  1   1  0   1  1  0  0  0  0/1     8:08   0:00   0:00 
Richard Panik            0  0  0  -2  2   1  1  0  0  0  0/2    13:27   0:00   0:00 
Sam Bennett              0  0  0  -2  0   0  0  0  0  0  8/14   13:45   0:00   0:17 
Sam Reinhart             0  0  0   0  0   0  0  0  0  0  2/3    18:44   0:48   2:13 

Players Stats for ANCHORAGE ACES

Player Name              G  A  P  +/- PIM S  H  SB GA TA FO     MP     PP MP  PK MP  
------------------------------------------------------------------------------------
Ben Chiarot              0  0  0   2  0   0  2  0  0  0  0/0    22:31   2:08   0:12 
Brandon Saad             0  0  0   0  0   1  0  0  0  0  0/0    15:41   0:00   0:08 
Cal Clutterbuck          0  0  0   0  0   5  3  0  0  0  1/2    14:36   0:00   0:00 
Cale Fleury              0  0  0  -2  0   1  0  0  0  0  0/0    14:26   0:29   0:08 
Carl Gunnarsson          0  0  0  -2  0   0  0  1  0  0  0/0    13:49   0:00   0:00 
Chris Kreider            0  0  0  -2  0   10 1  0  0  0  0/0    19:25   3:16   1:51 
Connor McDavid           2  0  2   3  0   4  2  0  0  0  10/21  18:25   2:41   0:00 
Deryk Engelland          0  0  0   1  0   0  4  2  0  0  0/0    21:01   2:07   1:47 
Jacob de la Rose         0  0  0  -2  0   3  0  0  0  0  5/19   14:26   0:00   0:08 
Jakob Silfverberg        0  2  2   3  0   6  0  0  0  0  1/1    19:57   3:16   0:00 
Michael Frolik           0  0  0   0  0   1  0  0  0  0  0/0     6:57   0:28   0:00 
Nate Thompson            0  0  0   0  0   0  0  0  0  0  5/9     8:20   0:00   1:51 
Nathan MacKinnon         0  0  0   0  0   2  0  0  0  0  9/21   18:49   3:16   0:00 
Nikolaj Ehlers           1  1  2   3  0   3  0  0  0  0  0/0    18:25   2:41   0:00 
Reyley Smith             0  0  0  -2  0   4  0  0  0  0  0/1    16:31   2:13   0:00 
Ross Johnston            0  0  0   0  0   0  1  0  0  0  1/2     6:29   0:00   0:00 
Seth Jones               0  0  0   2  2   1  0  2  0  0  0/0    24:56   3:49   0:00 
Shea Weber               0  1  1   1  0   0  0  2  0  0  0/0    23:16   3:21   1:51 

3 Stars

1 - Connor McDavid (ANC)
2 - Nikolaj Ehlers (ANC)
3 - Jakob Silfverberg (ANC)

Power Play

ANAHEIM OUTLAWS - 0 on 1 Attempt(s) - 0,00%
ANCHORAGE ACES - 0 on 3 Attempt(s) - 0,00%

Penalty Kill

ANAHEIM OUTLAWS - 3 on 3 Attempt(s) - 100,00% - Score 0 goal in Penalty Kill
ANCHORAGE ACES - 1 on 1 Attempt(s) - 100,00% - Score 0 goal in Penalty Kill

Team Stat

ANAHEIM OUTLAWS - Hits : 14 - Faceoff Wins : 44 - Blocked Shots : 8 - Penalty Minutes : 6
ANCHORAGE ACES - Hits : 13 - Faceoff Wins : 32 - Blocked Shots : 7 - Penalty Minutes : 2

Official

Referees : Kelly Sutherland and Jon McIsaac
Linesman : Jim Harper and Brent Colby

Game Notes

No Game Note

Finance

Level 1 -- Attendance: 6000 (100,00%) -- Ticket Income 810 000 $
Level 2 -- Attendance: 4772 (95,44%) -- Ticket Income 515 376 $
Level 3 -- Attendance: 2000 (100,00%) -- Ticket Income 170 000 $
Level 4 -- Attendance: 4000 (100,00%) -- Ticket Income 180 000 $
Luxury Box -- Attendance: 1000 (100,00%) -- Ticket Income 210 000 $
Game was played at the Alaska Center.
Total Attendance: 17772 (98,73%)
Total Ticket Income: 1 885 376 $
Other Income: 659 882 $
Total Income: 2 545 258 $

ANAHEIM OUTLAWS

5 vs 5 Forward 
   Center                   Left Wing                Right Wing               Time % Phy DF OF 
 1 John Tavares             Kevin Fiala              Sam Reinhart             29     0   1  4  
 2 Jordan Staal             Kasperi Kapanen          Adrian Kempe             29     1   1  3  
 3 Sam Bennett              Michael Grabner          Richard Panik            26     1   3  1  
 4 Frederik Gauthier        Pierre Engvall           Joey Anderson            16     2   2  1  

5 vs 5 Defense 
   Defense                  Defense                                           Time % Phy DF OF 
 1 Morgan Rielly            Keith Yandle                                      36     1   2  2  
 2 Patrik Nemeth            Noah Hanifin                                      31     1   2  2  
 3 Justin Faulk             Jake Gardiner                                     23     1   2  2  
 4 Morgan Rielly            Keith Yandle                                      10     1   2  2  

PowerPlay Forward 
   Center                   Left Wing                Right Wing               Time % Phy DF OF 
 1 John Tavares             Kevin Fiala              Sam Reinhart             55     1   2  2  
 2 Jordan Staal             Kasperi Kapanen          Adrian Kempe             45     1   2  2  

PowerPlay Defense
   Defense                  Defense                                           Time % Phy DF OF 
 1 Morgan Rielly            Keith Yandle                                      55     1   2  2  
 2 Patrik Nemeth            Noah Hanifin                                      45     1   2  2  

Penalty Kill 4 Players Forward 
   Center                   Wing                     Time % Phy DF OF 
 1 John Tavares             Jordan Staal             55     1   2  2  
 2 Sam Reinhart             Kevin Fiala              45     1   2  2  

Penalty Kill 4 Players Defense
   Defense                  Defense                  Time % Phy DF OF 
 1 Morgan Rielly            Keith Yandle             55     1   2  2  
 2 Patrik Nemeth            Noah Hanifin             45     1   2  2  

Penalty Kill - 3 Players Forward 
   Forward                                           Time % Phy DF OF 
 1 John Tavares                                      55     1   2  2  
 2 Jordan Staal                                      45     1   2  2  

Penalty Kill - 3 Players Defense
   Defense                  Defense                  Time % Phy DF OF 
 1 Morgan Rielly            Keith Yandle             55     1   2  2  
 2 Patrik Nemeth            Noah Hanifin             45     1   2  2  

4 vs 4 Forward 
   Center                   Wing                     Time % Phy DF OF 
 1 John Tavares             Jordan Staal             55     1   2  2  
 2 Sam Reinhart             Kevin Fiala              45     1   2  2  

4 vs 4 Defense
   Defense                  Defense                  Time % Phy DF OF 
 1 Morgan Rielly            Keith Yandle             55     1   2  2  
 2 Patrik Nemeth            Noah Hanifin             45     1   2  2  

Last Minutes Offensive
   Center                   Left Wing                Right Wing               Defense                  Defense                  
   John Tavares             Kevin Fiala              Sam Reinhart             Morgan Rielly            Keith Yandle             

Last Minutes Defensive
   Center                   Left Wing                Right Wing               Defense                  Defense                  
   John Tavares             Kevin Fiala              Sam Reinhart             Morgan Rielly            Keith Yandle             

Goaltenders
Starting : Pekka Rinne              
Backup : Mike Condon              

Extra Forwards
Normal : Michael Grabner, Richard Panik, Sam Bennett - PP : Michael Grabner, Richard Panik - PK : Sam Bennett
Extra Defensemen
Normal : Justin Faulk, Jake Gardiner, Patrik Nemeth - PP : Justin Faulk - PK : Jake Gardiner, Patrik Nemeth
Penalty Shots
John Tavares, Jordan Staal, Sam Reinhart, Kevin Fiala, Kasperi Kapanen
Custom OT Lines Forwards
John Tavares, Jordan Staal, Sam Reinhart, Kevin Fiala, Kasperi Kapanen, Adrian Kempe, Michael Grabner, Richard Panik, Sam Bennett, Pierre Engvall
Custom OT Lines Defensemen
Morgan Rielly, Keith Yandle, Patrik Nemeth, Noah Hanifin, Justin Faulk

Scratches
Thomas Hickey (Healthy), Matt Benning (Healthy), Mackenzie Blackwood (Healthy)

ANCHORAGE ACES

5 vs 5 Forward 
   Center                   Left Wing                Right Wing               Time % Phy DF OF 
 1 Connor McDavid           Nikolaj Ehlers           Jakob Silfverberg        32     0   1  4  
 2 Jacob de la Rose         Chris Kreider            Reyley Smith             29     0   1  4  
 3 Nathan MacKinnon         Brandon Saad             Cal Clutterbuck          29     1   2  2  
 4 Nate Thompson            Ross Johnston            Michael Frolik           10     1   2  2  

5 vs 5 Defense 
   Defense                  Defense                                           Time % Phy DF OF 
 1 Seth Jones               Ben Chiarot                                       38     1   2  2  
 2 Deryk Engelland          Shea Weber                                        36     1   2  2  
 3 Cale Fleury              Carl Gunnarsson                                   16     1   3  1  
 4 Ben Chiarot              Seth Jones                                        10     1   2  2  

PowerPlay Forward 
   Center                   Left Wing                Right Wing               Time % Phy DF OF 
 1 Connor McDavid           Nikolaj Ehlers           Reyley Smith             50     0   1  4  
 2 Nathan MacKinnon         Chris Kreider            Jakob Silfverberg        50     0   1  4  

PowerPlay Defense
   Defense                  Defense                                           Time % Phy DF OF 
 1 Seth Jones               Shea Weber                                        57     1   2  2  
 2 Ben Chiarot              Deryk Engelland                                   43     1   2  2  

Penalty Kill 4 Players Forward 
   Center                   Wing                     Time % Phy DF OF 
 1 Nate Thompson            Cal Clutterbuck          55     1   3  1  
 2 Jacob de la Rose         Brandon Saad             45     1   3  1  

Penalty Kill 4 Players Defense
   Defense                  Defense                  Time % Phy DF OF 
 1 Shea Weber               Ben Chiarot              55     1   3  1  
 2 Seth Jones               Deryk Engelland          45     1   3  1  

Penalty Kill - 3 Players Forward 
   Forward                                           Time % Phy DF OF 
 1 Nate Thompson                                     55     0   5  0  
 2 Brandon Saad                                      45     0   5  0  

Penalty Kill - 3 Players Defense
   Defense                  Defense                  Time % Phy DF OF 
 1 Shea Weber               Ben Chiarot              55     0   5  0  
 2 Seth Jones               Deryk Engelland          45     0   5  0  

4 vs 4 Forward 
   Center                   Wing                     Time % Phy DF OF 
 1 Nathan MacKinnon         Reyley Smith             55     0   2  3  
 2 Connor McDavid           Nikolaj Ehlers           45     0   2  3  

4 vs 4 Defense
   Defense                  Defense                  Time % Phy DF OF 
 1 Ben Chiarot              Shea Weber               55     1   2  2  
 2 Seth Jones               Deryk Engelland          45     1   2  2  

Last Minutes Offensive
   Center                   Left Wing                Right Wing               Defense                  Defense                  
   Connor McDavid           Nikolaj Ehlers           Nathan MacKinnon         Shea Weber               Seth Jones               

Last Minutes Defensive
   Center                   Left Wing                Right Wing               Defense                  Defense                  
   Nathan MacKinnon         Brandon Saad             Jakob Silfverberg        Seth Jones               Shea Weber               

Goaltenders
Starting : James Reimer             
Backup : Braden Holtby            

Extra Forwards
Normal : Connor McDavid, Nathan MacKinnon, Reyley Smith - PP : Nathan MacKinnon, Connor McDavid - PK : Nathan MacKinnon
Extra Defensemen
Normal : Seth Jones, Shea Weber, Ben Chiarot - PP : Seth Jones - PK : Seth Jones, Ben Chiarot
Penalty Shots
Connor McDavid, Nathan MacKinnon, Nikolaj Ehlers, Reyley Smith, Chris Kreider
Custom OT Lines Forwards
Nathan MacKinnon, Connor McDavid, Chris Kreider, Nikolaj Ehlers, Reyley Smith, Jakob Silfverberg, Brandon Saad, Nate Thompson, Jacob de la Rose, Michael Frolik
Custom OT Lines Defensemen
Seth Jones, Shea Weber, Ben Chiarot, Deryk Engelland, Carl Gunnarsson

Scratches
Robert Bortuzzo (Torso Injury)

% Time on Ice - ANAHEIM OUTLAWS

Lines # - Real PCT - Wanted PCT - Time Play
Normal Forward
1 - 29% - 29% - 14:46
2 - 29% - 29% - 14:45
3 - 26% - 26% - 13:28
4 - 16% - 16% - 8:08
Normal Defense
1 - 33% - 36% - 17:01
2 - 33% - 31% - 16:53
3 - 28% - 23% - 14:07
4 - 6% - 10% - 3:06
PP Forward
1 - 40% - 55% - 0:48
2 - 60% - 45% - 1:11
PP Defense
1 - 60% - 55% - 1:11
2 - 40% - 45% - 0:48
PK Forward
1 - 63% - 55% - 3:44
2 - 37% - 45% - 2:13
PK Defense
1 - 52% - 55% - 3:07
2 - 48% - 45% - 2:50
PK3 Forward
1 - 0% - 55%
2 - 0% - 45%
PK3 Defense
1 - 0% - 55%
2 - 0% - 45%
44 Forward
1 - 0% - 55%
2 - 0% - 45%
44 Defense
1 - 0% - 55%
2 - 0% - 45%
Last Minute Offensive  - 0:57
Last Minute Defensive  - 0:00
Total
Forward - 60:00
Defense - 60:00

% Time on Ice - ANCHORAGE ACES

Lines # - Real PCT - Wanted PCT - Time Play
Normal Forward
1 - 31% - 32% - 15:44
2 - 28% - 29% - 14:18
3 - 29% - 29% - 14:36
4 - 13% - 10% - 6:29
Normal Defense
1 - 36% - 38% - 18:12
2 - 33% - 36% - 17:07
3 - 27% - 16% - 13:49
4 - 4% - 10% - 1:59
PP Forward
1 - 45% - 50% - 2:41
2 - 55% - 50% - 3:16
PP Defense
1 - 64% - 57% - 3:49
2 - 36% - 43% - 2:08
PK Forward
1 - 93% - 55% - 1:51
2 - 7% - 45% - 0:08
PK Defense
1 - 10% - 55% - 0:12
2 - 90% - 45% - 1:47
PK3 Forward
1 - 0% - 55%
2 - 0% - 45%
PK3 Defense
1 - 0% - 55%
2 - 0% - 45%
44 Forward
1 - 0% - 55%
2 - 0% - 45%
44 Defense
1 - 0% - 55%
2 - 0% - 45%
Last Minute Offensive  - 0:00
Last Minute Defensive  - 0:57
Total
Forward - 60:00
Defense - 60:00

Play-by-Play

1st period


0:01 of 1st period - John Tavares wins face-off versus Connor McDavid in neutral zone.
0:48 of 1st period - Ben Chiarot is hit by Kevin Fiala and loses puck.
2:06 of 1st period - Shot by Reyley Smith.
2:06 of 1st period - Deflect By Chris Kreider.
2:06 of 1st period - Shot Blocked by Justin Faulk.
2:24 of 1st period - Shot by Reyley Smith.
2:24 of 1st period - Stopped by Pekka Rinne without a rebound.
2:25 of 1st period - Nathan MacKinnon wins face-off versus Frederik Gauthier in ANAHEIM OUTLAWS zone.
2:44 of 1st period - Off-side.
2:45 of 1st period - John Tavares wins face-off versus Nate Thompson in neutral zone.
2:48 of 1st period - Deryk Engelland is hit by Kevin Fiala and loses puck.
3:02 of 1st period - Shot by Ross Johnston.
3:02 of 1st period - Shot Misses the Net.
3:22 of 1st period - Shot by Ross Johnston.
3:22 of 1st period - Shot Misses the Net.
4:08 of 1st period - Cal Clutterbuck is hit by Morgan Rielly and loses puck.
4:56 of 1st period - Minor Penalty to Richard Panik for Hooking.
4:57 of 1st period - John Tavares wins face-off versus Connor McDavid in ANAHEIM OUTLAWS zone.
6:50 of 1st period - Shot by Connor McDavid.
6:50 of 1st period - Shot Misses the Net.
6:52 of 1st period - Shot by Nikolaj Ehlers.
6:52 of 1st period - Shot Blocked by Justin Faulk.
6:54 of 1st period - Shot by Seth Jones.
6:54 of 1st period - Stopped by Pekka Rinne without a rebound.
6:55 of 1st period - Nathan MacKinnon wins face-off versus Sam Reinhart in ANAHEIM OUTLAWS zone.
7:17 of 1st period - Icing by Cal Clutterbuck.
7:18 of 1st period - Nathan MacKinnon wins face-off versus Kasperi Kapanen in ANCHORAGE ACES zone.
7:18 of 1st period - Nathan MacKinnon is hit by Kasperi Kapanen.
7:28 of 1st period - Shot by Nathan MacKinnon.
7:28 of 1st period - Deflect By Brandon Saad.
7:28 of 1st period - Stopped by Pekka Rinne without a rebound.
7:29 of 1st period - John Tavares wins face-off versus Jacob de la Rose in ANAHEIM OUTLAWS zone.
7:44 of 1st period - Shot by Kevin Fiala.
7:44 of 1st period - Stopped by James Reimer without a rebound.
7:45 of 1st period - Connor McDavid wins face-off versus Jordan Staal in ANCHORAGE ACES zone.
7:45 of 1st period - Connor McDavid is hit by Adrian Kempe.
8:03 of 1st period - Nikolaj Ehlers is hit by Patrik Nemeth.
8:06 of 1st period - Minor Penalty to Noah Hanifin for Tripping.
8:07 of 1st period - Nathan MacKinnon wins face-off versus John Tavares in ANAHEIM OUTLAWS zone.
8:08 of 1st period - Shot by Chris Kreider.
8:08 of 1st period - Shot Misses the Net.
8:23 of 1st period - Icing by Seth Jones.
8:24 of 1st period - John Tavares wins face-off versus Nathan MacKinnon in ANCHORAGE ACES zone.
8:59 of 1st period - Shot by Seth Jones.
8:59 of 1st period - Shot Misses the Net.
10:11 of 1st period - Icing by Joey Anderson.
10:12 of 1st period - Nate Thompson wins face-off versus Joey Anderson in ANAHEIM OUTLAWS zone.
10:37 of 1st period - Shot by Michael Frolik.
10:37 of 1st period - Deflect By Nate Thompson.
10:37 of 1st period - Shot Misses the Net.
12:09 of 1st period - Shot by Chris Kreider.
12:09 of 1st period - Shot Misses the Net.
12:11 of 1st period - Shot by Deryk Engelland.
12:11 of 1st period - Shot Misses the Net.
12:34 of 1st period - Icing by Patrik Nemeth.
12:35 of 1st period - Jordan Staal wins face-off versus Connor McDavid in ANAHEIM OUTLAWS zone.
13:04 of 1st period - Shot by Nikolaj Ehlers.
13:04 of 1st period - Deflect By Connor McDavid.
13:04 of 1st period - Shot Misses the Net.
13:06 of 1st period - Shot by Nikolaj Ehlers.
13:06 of 1st period - Stopped by Pekka Rinne without a rebound.
13:07 of 1st period - John Tavares wins face-off versus Nate Thompson in ANAHEIM OUTLAWS zone.
13:32 of 1st period - Shot by John Tavares.
13:32 of 1st period - Shot Blocked by Seth Jones.
13:34 of 1st period - Shot by Kevin Fiala.
13:34 of 1st period - Stopped by James Reimer without a rebound.
13:35 of 1st period - Sam Bennett wins face-off versus Jacob de la Rose in ANCHORAGE ACES zone.
13:36 of 1st period - Shot by Richard Panik.
13:36 of 1st period - Stopped by James Reimer with a rebound.
13:42 of 1st period - Shot by Michael Grabner.
13:42 of 1st period - Stopped by James Reimer without a rebound.
13:43 of 1st period - Connor McDavid wins face-off versus Richard Panik in ANCHORAGE ACES zone.
14:03 of 1st period - Shot by Connor McDavid.
14:03 of 1st period - Goal by Connor McDavid - ANAHEIM OUTLAWS : 0 - ANCHORAGE ACES : 1.
14:04 of 1st period - John Tavares wins face-off versus Jacob de la Rose in neutral zone.
14:29 of 1st period - Shot by Chris Kreider.
14:29 of 1st period - Stopped by Pekka Rinne with a rebound.
14:31 of 1st period - Shot by Reyley Smith.
14:31 of 1st period - Stopped by Pekka Rinne with a rebound.
14:56 of 1st period - Icing by Jake Gardiner.
14:57 of 1st period - John Tavares wins face-off versus Nathan MacKinnon in ANAHEIM OUTLAWS zone.
15:11 of 1st period - Shot by Cal Clutterbuck.
15:11 of 1st period - Deflect By Nathan MacKinnon.
15:11 of 1st period - Shot Misses the Net.
15:13 of 1st period - Shot by Brandon Saad.
15:13 of 1st period - Shot Misses the Net.
15:35 of 1st period - Jake Gardiner is hit by Cal Clutterbuck and loses puck.
16:06 of 1st period - Shot by Connor McDavid.
16:06 of 1st period - Stopped by Pekka Rinne with a rebound.
16:08 of 1st period - Shot by Jakob Silfverberg.
16:08 of 1st period - Shot Misses the Net.
16:20 of 1st period - Shot by Connor McDavid.
16:20 of 1st period - Shot Misses the Net.
16:22 of 1st period - Shot by Cale Fleury.
16:22 of 1st period - Stopped by Pekka Rinne without a rebound.
16:23 of 1st period - Jacob de la Rose wins face-off versus Jordan Staal in ANAHEIM OUTLAWS zone.
16:42 of 1st period - Shot by Chris Kreider.
16:42 of 1st period - Stopped by Pekka Rinne without a rebound.
16:43 of 1st period - Ross Johnston wins face-off versus Sam Bennett in ANAHEIM OUTLAWS zone.
17:00 of 1st period - Shot by Michael Grabner.
17:00 of 1st period - Stopped by James Reimer with a rebound.
18:23 of 1st period - Shot by Nikolaj Ehlers.
18:23 of 1st period - Goal by Nikolaj Ehlers - ANAHEIM OUTLAWS : 0 - ANCHORAGE ACES : 2.
18:24 of 1st period - Frederik Gauthier wins face-off versus Jacob de la Rose in neutral zone.
18:44 of 1st period - Shot by Chris Kreider.
18:44 of 1st period - Stopped by Pekka Rinne without a rebound.
18:45 of 1st period - Sam Bennett wins face-off versus Nathan MacKinnon in ANAHEIM OUTLAWS zone.
18:45 of 1st period - Richard Panik is hit by Cal Clutterbuck and loses puck.
18:52 of 1st period - Shot by Nathan MacKinnon.
18:52 of 1st period - Shot Misses the Net.
19:00 of 1st period - Shot by Cal Clutterbuck.
19:00 of 1st period - Stopped by Pekka Rinne without a rebound.
19:01 of 1st period - Connor McDavid wins face-off versus Joey Anderson in ANAHEIM OUTLAWS zone.
19:18 of 1st period - Shot by Joey Anderson.
19:18 of 1st period - Shot Blocked by Carl Gunnarsson.
19:56 of 1st period - Shot by Adrian Kempe.
19:56 of 1st period - Stopped by James Reimer with a rebound.
19:58 of 1st period - Shot by Kasperi Kapanen.
19:58 of 1st period - Deflect By Adrian Kempe.
19:58 of 1st period - Stopped by James Reimer without a rebound.
19:59 of 1st period - Sam Bennett wins face-off versus Jacob de la Rose in ANCHORAGE ACES zone.
Goals for this period are 0 for ANAHEIM OUTLAWS vs 2 for ANCHORAGE ACES.
Shots for this period are 7 for ANAHEIM OUTLAWS vs 13 for ANCHORAGE ACES.

2nd period


0:01 of 2nd period - Jordan Staal wins face-off versus Jacob de la Rose in neutral zone.
0:07 of 2nd period - Icing by Jacob de la Rose.
0:08 of 2nd period - Jacob de la Rose wins face-off versus Sam Bennett in ANCHORAGE ACES zone.
0:13 of 2nd period - Shot by Chris Kreider.
0:13 of 2nd period - Shot Blocked by Morgan Rielly.
0:15 of 2nd period - Shot by Jacob de la Rose.
0:15 of 2nd period - Stopped by Pekka Rinne with a rebound.
0:19 of 2nd period - Shot by Jacob de la Rose.
0:19 of 2nd period - Stopped by Pekka Rinne without a rebound.
0:20 of 2nd period - Jordan Staal wins face-off versus Nathan MacKinnon in ANAHEIM OUTLAWS zone.
1:19 of 2nd period - Shot by Reyley Smith.
1:19 of 2nd period - Shot Misses the Net.
1:21 of 2nd period - Shot by Jacob de la Rose.
1:21 of 2nd period - Shot Blocked by Noah Hanifin.
1:23 of 2nd period - Shot by Chris Kreider.
1:23 of 2nd period - Shot Misses the Net.
1:25 of 2nd period - Shot by Reyley Smith.
1:25 of 2nd period - Stopped by Pekka Rinne without a rebound.
1:26 of 2nd period - Connor McDavid wins face-off versus Sam Bennett in ANAHEIM OUTLAWS zone.
1:45 of 2nd period - Shot by Connor McDavid.
1:45 of 2nd period - Goal by Connor McDavid - ANAHEIM OUTLAWS : 0 - ANCHORAGE ACES : 3.
1:46 of 2nd period - John Tavares wins face-off versus Jacob de la Rose in neutral zone.
1:49 of 2nd period - Chris Kreider is hit by John Tavares and loses puck.
1:53 of 2nd period - Reyley Smith is hit by Kevin Fiala and loses puck.
2:05 of 2nd period - Shot by Reyley Smith.
2:05 of 2nd period - Deflect By Chris Kreider.
2:05 of 2nd period - Stopped by Pekka Rinne without a rebound.
2:06 of 2nd period - Connor McDavid wins face-off versus Sam Bennett in ANAHEIM OUTLAWS zone.
2:07 of 2nd period - Shot by Nikolaj Ehlers.
2:07 of 2nd period - Shot Misses the Net.
2:09 of 2nd period - Shot by Connor McDavid.
2:09 of 2nd period - Stopped by Pekka Rinne with a rebound.
3:08 of 2nd period - Shot by Chris Kreider.
3:08 of 2nd period - Shot Misses the Net.
3:18 of 2nd period - Shot by Reyley Smith.
3:18 of 2nd period - Deflect By Chris Kreider.
3:18 of 2nd period - Stopped by Pekka Rinne with a rebound.
3:42 of 2nd period - Shot by Chris Kreider.
3:42 of 2nd period - Stopped by Pekka Rinne without a rebound.
3:43 of 2nd period - Cal Clutterbuck wins face-off versus John Tavares in ANAHEIM OUTLAWS zone.
3:56 of 2nd period - Shot by Nathan MacKinnon.
3:56 of 2nd period - Stopped by Pekka Rinne without a rebound.
3:57 of 2nd period - Nate Thompson wins face-off versus Jordan Staal in ANAHEIM OUTLAWS zone.
4:46 of 2nd period - Shot by Nathan MacKinnon.
4:46 of 2nd period - Stopped by Pekka Rinne without a rebound.
4:47 of 2nd period - John Tavares wins face-off versus Nathan MacKinnon in ANAHEIM OUTLAWS zone.
4:47 of 2nd period - John Tavares is hit by Cal Clutterbuck.
4:59 of 2nd period - Shot by John Tavares.
4:59 of 2nd period - Stopped by James Reimer without a rebound.
5:00 of 2nd period - Frederik Gauthier wins face-off versus Jacob de la Rose in ANCHORAGE ACES zone.
6:18 of 2nd period - Shot by Cal Clutterbuck.
6:18 of 2nd period - Stopped by Pekka Rinne without a rebound.
6:19 of 2nd period - Jordan Staal wins face-off versus Connor McDavid in ANAHEIM OUTLAWS zone.
6:19 of 2nd period - Jordan Staal is hit by Connor McDavid.
6:47 of 2nd period - Jordan Staal is hit by Deryk Engelland.
6:50 of 2nd period - Icing by Shea Weber.
6:51 of 2nd period - John Tavares wins face-off versus Connor McDavid in ANCHORAGE ACES zone.
6:51 of 2nd period - John Tavares is hit by Deryk Engelland.
6:59 of 2nd period - Shot by John Tavares.
6:59 of 2nd period - Shot Misses the Net.
7:49 of 2nd period - Shot by Cal Clutterbuck.
7:49 of 2nd period - Stopped by Pekka Rinne with a rebound.
8:11 of 2nd period - Shot by Cal Clutterbuck.
8:11 of 2nd period - Stopped by Pekka Rinne without a rebound.
8:12 of 2nd period - Sam Bennett wins face-off versus Jacob de la Rose in ANAHEIM OUTLAWS zone.
8:33 of 2nd period - Shot by Chris Kreider.
8:33 of 2nd period - Stopped by Pekka Rinne with a rebound.
9:27 of 2nd period - Noah Hanifin is hit by Ross Johnston and loses puck.
10:00 of 2nd period - Icing by Patrik Nemeth.
10:01 of 2nd period - Connor McDavid wins face-off versus Sam Bennett in ANAHEIM OUTLAWS zone.
10:42 of 2nd period - Shot by Jakob Silfverberg.
10:42 of 2nd period - Stopped by Pekka Rinne without a rebound.
10:43 of 2nd period - Nathan MacKinnon wins face-off versus Jordan Staal in ANAHEIM OUTLAWS zone.
11:10 of 2nd period - Shot by Adrian Kempe.
11:10 of 2nd period - Stopped by James Reimer with a rebound.
11:12 of 2nd period - Shot by Morgan Rielly.
11:12 of 2nd period - Shot Misses the Net.
11:20 of 2nd period - Shot by Jordan Staal.
11:20 of 2nd period - Stopped by James Reimer with a rebound.
12:05 of 2nd period - John Tavares is hit by Ben Chiarot and loses puck.
12:38 of 2nd period - Shot by Joey Anderson.
12:38 of 2nd period - Shot Misses the Net.
13:30 of 2nd period - Shot by Nikolaj Ehlers.
13:30 of 2nd period - Shot Misses the Net.
13:32 of 2nd period - Shot by Jakob Silfverberg.
13:32 of 2nd period - Shot Misses the Net.
13:34 of 2nd period - Shot by Deryk Engelland.
13:34 of 2nd period - Shot Misses the Net.
14:39 of 2nd period - Off-side.
14:40 of 2nd period - Nate Thompson wins face-off versus Pierre Engvall in neutral zone.
14:54 of 2nd period - Icing by Morgan Rielly.
14:55 of 2nd period - Nathan MacKinnon wins face-off versus Frederik Gauthier in ANAHEIM OUTLAWS zone.
16:08 of 2nd period - Shot by Kasperi Kapanen.
16:08 of 2nd period - Shot Hit the Post.
16:34 of 2nd period - Shot by Kevin Fiala.
16:34 of 2nd period - Shot Misses the Net.
16:59 of 2nd period - Minor Penalty to Seth Jones for Tripping.
17:00 of 2nd period - Nate Thompson wins face-off versus Jordan Staal in ANCHORAGE ACES zone.
17:28 of 2nd period - Shot by Jordan Staal.
17:28 of 2nd period - Shot Blocked by Deryk Engelland.
17:50 of 2nd period - Shot by John Tavares.
17:50 of 2nd period - Shot Misses the Net.
17:52 of 2nd period - Shot by Noah Hanifin.
17:52 of 2nd period - Shot Misses the Net.
17:54 of 2nd period - Shot by Noah Hanifin.
17:54 of 2nd period - Shot Blocked by Deryk Engelland.
17:56 of 2nd period - Shot by Patrik Nemeth.
17:56 of 2nd period - Deflect By Kevin Fiala.
17:56 of 2nd period - Shot Misses the Net.
18:48 of 2nd period - Shot by Keith Yandle.
18:48 of 2nd period - Stopped by James Reimer with a rebound.
18:50 of 2nd period - Shot by Morgan Rielly.
18:50 of 2nd period - Stopped by James Reimer without a rebound.
18:51 of 2nd period - Jacob de la Rose wins face-off versus John Tavares in ANCHORAGE ACES zone.
19:30 of 2nd period - Shot by Justin Faulk.
19:30 of 2nd period - Stopped by James Reimer without a rebound.
19:31 of 2nd period - Frederik Gauthier wins face-off versus Nathan MacKinnon in ANCHORAGE ACES zone.
19:35 of 2nd period - Icing by Brandon Saad.
19:36 of 2nd period - Nathan MacKinnon wins face-off versus Frederik Gauthier in ANCHORAGE ACES zone.
19:36 of 2nd period - Nathan MacKinnon is hit by Frederik Gauthier.
19:41 of 2nd period - Nathan MacKinnon is hit by Pierre Engvall and loses puck.
Goals for this period are 0 for ANAHEIM OUTLAWS vs 1 for ANCHORAGE ACES.
Shots for this period are 6 for ANAHEIM OUTLAWS vs 15 for ANCHORAGE ACES.

3rd period


0:01 of 3rd period - Jordan Staal wins face-off versus Jacob de la Rose in neutral zone.
0:22 of 3rd period - Shot by Jacob de la Rose.
0:22 of 3rd period - Shot Blocked by Morgan Rielly.
0:24 of 3rd period - Shot by Shea Weber.
0:24 of 3rd period - Shot Misses the Net.
0:28 of 3rd period - Shot by Reyley Smith.
0:28 of 3rd period - Shot Misses the Net.
0:30 of 3rd period - Shot by Jacob de la Rose.
0:30 of 3rd period - Stopped by Pekka Rinne without a rebound.
0:31 of 3rd period - Connor McDavid wins face-off versus John Tavares in ANAHEIM OUTLAWS zone.
0:32 of 3rd period - Shot by Jakob Silfverberg.
0:32 of 3rd period - Stopped by Pekka Rinne without a rebound.
0:33 of 3rd period - Connor McDavid wins face-off versus John Tavares in ANAHEIM OUTLAWS zone.
0:36 of 3rd period - Shot by Jakob Silfverberg.
0:36 of 3rd period - Stopped by Pekka Rinne without a rebound.
0:37 of 3rd period - John Tavares wins face-off versus Connor McDavid in ANAHEIM OUTLAWS zone.
1:53 of 3rd period - Shot by Chris Kreider.
1:53 of 3rd period - Deflect By Reyley Smith.
1:53 of 3rd period - Shot Misses the Net.
2:10 of 3rd period - Kasperi Kapanen is hit by Deryk Engelland and loses puck.
2:41 of 3rd period - Minor Penalty to Patrik Nemeth for Hooking.
2:42 of 3rd period - John Tavares wins face-off versus Nathan MacKinnon in ANAHEIM OUTLAWS zone.
2:42 of 3rd period - John Tavares is hit by Chris Kreider.
2:56 of 3rd period - Shot by Jakob Silfverberg.
2:56 of 3rd period - Stopped by Pekka Rinne with a rebound.
2:58 of 3rd period - Shot by Jakob Silfverberg.
2:58 of 3rd period - Stopped by Pekka Rinne without a rebound.
2:59 of 3rd period - Sam Reinhart wins face-off versus Connor McDavid in ANAHEIM OUTLAWS zone.
3:51 of 3rd period - Shot by Chris Kreider.
3:51 of 3rd period - Stopped by Pekka Rinne without a rebound.
3:52 of 3rd period - John Tavares wins face-off versus Nathan MacKinnon in ANAHEIM OUTLAWS zone.
4:07 of 3rd period - Shot by Jakob Silfverberg.
4:07 of 3rd period - Stopped by Pekka Rinne without a rebound.
4:08 of 3rd period - John Tavares wins face-off versus Nathan MacKinnon in ANAHEIM OUTLAWS zone.
4:49 of 3rd period - Shot by Michael Frolik.
4:49 of 3rd period - Stopped by Pekka Rinne without a rebound.
4:50 of 3rd period - Nate Thompson wins face-off versus Frederik Gauthier in ANAHEIM OUTLAWS zone.
5:25 of 3rd period - Shot by Joey Anderson.
5:25 of 3rd period - Stopped by James Reimer without a rebound.
5:26 of 3rd period - Sam Bennett wins face-off versus Connor McDavid in ANCHORAGE ACES zone.
6:36 of 3rd period - Icing by Deryk Engelland.
6:37 of 3rd period - Jacob de la Rose wins face-off versus John Tavares in ANCHORAGE ACES zone.
6:48 of 3rd period - Icing by Sam Reinhart.
6:49 of 3rd period - John Tavares wins face-off versus Nathan MacKinnon in ANAHEIM OUTLAWS zone.
6:54 of 3rd period - Shot by Kevin Fiala.
6:54 of 3rd period - Stopped by James Reimer with a rebound.
7:03 of 3rd period - Nathan MacKinnon is hit by Keith Yandle and loses puck.
7:11 of 3rd period - Off-side.
7:12 of 3rd period - Connor McDavid wins face-off versus Jordan Staal in neutral zone.
7:57 of 3rd period - Icing by Jordan Staal.
7:58 of 3rd period - Kasperi Kapanen wins face-off versus Cal Clutterbuck in ANAHEIM OUTLAWS zone.
8:05 of 3rd period - Shot by Kasperi Kapanen.
8:05 of 3rd period - Shot Misses the Net.
8:37 of 3rd period - Shot by Kevin Fiala.
8:37 of 3rd period - Shot Misses the Net.
8:39 of 3rd period - Shot by Sam Reinhart.
8:39 of 3rd period - Shot Misses the Net.
8:41 of 3rd period - Shot by Kevin Fiala.
8:41 of 3rd period - Stopped by James Reimer without a rebound.
8:42 of 3rd period - Sam Bennett wins face-off versus Jacob de la Rose in ANCHORAGE ACES zone.
9:06 of 3rd period - Jacob de la Rose is hit by Patrik Nemeth and loses puck.
9:57 of 3rd period - Shot by Kevin Fiala.
9:57 of 3rd period - Shot Misses the Net.
11:08 of 3rd period - Shot by Kasperi Kapanen.
11:08 of 3rd period - Shot Misses the Net.
11:10 of 3rd period - Shot by Justin Faulk.
11:10 of 3rd period - Shot Blocked by Seth Jones.
11:44 of 3rd period - Shot by Pierre Engvall.
11:44 of 3rd period - Goal by Pierre Engvall - ANAHEIM OUTLAWS : 1 - ANCHORAGE ACES : 3.
11:45 of 3rd period - Connor McDavid wins face-off versus Sam Bennett in neutral zone.
12:11 of 3rd period - Shot by Connor McDavid.
12:11 of 3rd period - Deflect By Nikolaj Ehlers.
12:11 of 3rd period - Stopped by Pekka Rinne without a rebound.
12:12 of 3rd period - Sam Reinhart wins face-off versus Reyley Smith in ANAHEIM OUTLAWS zone.
12:19 of 3rd period - Shot by John Tavares.
12:19 of 3rd period - Stopped by James Reimer with a rebound.
12:22 of 3rd period - Icing by Reyley Smith.
12:23 of 3rd period - Jordan Staal wins face-off versus Jacob de la Rose in ANCHORAGE ACES zone.
12:24 of 3rd period - Shot by Kasperi Kapanen.
12:24 of 3rd period - Goal by Kasperi Kapanen - ANAHEIM OUTLAWS : 2 - ANCHORAGE ACES : 3.
12:25 of 3rd period - Jordan Staal wins face-off versus Jacob de la Rose in neutral zone.
12:44 of 3rd period - Shot by Reyley Smith.
12:44 of 3rd period - Stopped by Pekka Rinne with a rebound.
12:58 of 3rd period - Shot by Chris Kreider.
12:58 of 3rd period - Stopped by Pekka Rinne without a rebound.
12:59 of 3rd period - Sam Bennett wins face-off versus Connor McDavid in ANAHEIM OUTLAWS zone.
13:10 of 3rd period - Shot by Nikolaj Ehlers.
13:10 of 3rd period - Shot Blocked by Michael Grabner.
13:12 of 3rd period - Shot by Nikolaj Ehlers.
13:12 of 3rd period - Shot Blocked by Justin Faulk.
14:02 of 3rd period - Shot by Cal Clutterbuck.
14:02 of 3rd period - Stopped by Pekka Rinne with a rebound.
14:19 of 3rd period - Icing by Cal Clutterbuck.
14:20 of 3rd period - John Tavares wins face-off versus Nathan MacKinnon in ANCHORAGE ACES zone.
14:27 of 3rd period - Shot by John Tavares.
14:27 of 3rd period - Shot Misses the Net.
15:25 of 3rd period - Shot by Chris Kreider.
15:25 of 3rd period - Stopped by Pekka Rinne without a rebound.
15:26 of 3rd period - Jordan Staal wins face-off versus Connor McDavid in ANAHEIM OUTLAWS zone.
15:36 of 3rd period - Patrik Nemeth is hit by Deryk Engelland and loses puck.
15:45 of 3rd period - Shot by Adrian Kempe.
15:45 of 3rd period - Shot Blocked by Shea Weber.
15:47 of 3rd period - Shot by Patrik Nemeth.
15:47 of 3rd period - Shot Misses the Net.
15:49 of 3rd period - Shot by Kasperi Kapanen.
15:49 of 3rd period - Shot Blocked by Shea Weber.
15:51 of 3rd period - Shot by Kasperi Kapanen.
15:51 of 3rd period - Stopped by James Reimer without a rebound.
15:52 of 3rd period - Frederik Gauthier wins face-off versus Nate Thompson in ANCHORAGE ACES zone.
15:56 of 3rd period - Icing by Ben Chiarot.
15:57 of 3rd period - Frederik Gauthier wins face-off versus Nate Thompson in ANCHORAGE ACES zone.
16:07 of 3rd period - Icing by Seth Jones.
16:08 of 3rd period - Jordan Staal wins face-off versus Ross Johnston in ANCHORAGE ACES zone.
16:08 of 3rd period - Kasperi Kapanen is hit by Ben Chiarot.
16:12 of 3rd period - Shot by Adrian Kempe.
16:12 of 3rd period - Stopped by James Reimer with a rebound.
16:35 of 3rd period - Off-side.
16:36 of 3rd period - Sam Bennett wins face-off versus Jacob de la Rose in neutral zone.
17:01 of 3rd period - Icing by Morgan Rielly.
17:02 of 3rd period - Nathan MacKinnon wins face-off versus Richard Panik in ANAHEIM OUTLAWS zone.
17:31 of 3rd period - Seth Jones is hit by Richard Panik and loses puck.
17:42 of 3rd period - Shot by Jordan Staal.
17:42 of 3rd period - Shot Misses the Net.
18:00 of 3rd period - Shot by Adrian Kempe.
18:00 of 3rd period - Stopped by James Reimer without a rebound.
18:01 of 3rd period - Jacob de la Rose wins face-off versus John Tavares in ANCHORAGE ACES zone.
18:01 of 3rd period - Jacob de la Rose is hit by John Tavares.
18:19 of 3rd period - Shot by Chris Kreider.
18:19 of 3rd period - Shot Misses the Net.
18:21 of 3rd period - Shot by Deryk Engelland.
18:21 of 3rd period - Shot Blocked by Jake Gardiner.
18:23 of 3rd period - Shot by Chris Kreider.
18:23 of 3rd period - Shot Misses the Net.
18:25 of 3rd period - Shot by Deryk Engelland.
18:25 of 3rd period - Shot Misses the Net.
18:29 of 3rd period - Shot by Chris Kreider.
18:29 of 3rd period - Shot Misses the Net.
18:31 of 3rd period - Shot by Jacob de la Rose.
18:31 of 3rd period - Shot Misses the Net.
18:36 of 3rd period - Icing by Justin Faulk.
18:37 of 3rd period - John Tavares wins face-off versus Connor McDavid in ANAHEIM OUTLAWS zone.
18:37 of 3rd period - John Tavares is hit by Connor McDavid.
18:43 of 3rd period - Shot by John Tavares.
18:43 of 3rd period - Shot Misses the Net.
18:45 of 3rd period - Shot by Kevin Fiala.
18:45 of 3rd period - Stopped by James Reimer without a rebound.
18:46 of 3rd period - Jakob Silfverberg wins face-off versus Jordan Staal in ANCHORAGE ACES zone.
19:02 of 3rd period - ANAHEIM OUTLAWS, Pekka Rinne is pulled from the net.
19:02 of 3rd period - Shot by Jordan Staal.
19:02 of 3rd period - Stopped by James Reimer without a rebound.
19:03 of 3rd period - John Tavares wins face-off versus Nathan MacKinnon in ANCHORAGE ACES zone.
19:14 of 3rd period - Off-side.
19:15 of 3rd period - Nathan MacKinnon wins face-off versus John Tavares in neutral zone.
19:24 of 3rd period - Shot by Brandon Saad.
19:24 of 3rd period - Shot Misses the Net.
Goals for this period are 2 for ANAHEIM OUTLAWS vs 0 for ANCHORAGE ACES.
Shots for this period are 11 for ANAHEIM OUTLAWS vs 13 for ANCHORAGE ACES.


NATHAN
MACKINNON
PHILLIP
DANAULT
CONNOR
MCDAVID

EAST COAST

HOCKEY LEAGUE

  • 25.QUE4CHI5
  • 26.CHA2LIM3
  • 27.TRV2LON3
  • 28.CHW4BAL2
  • 29.PITMAN
  • 30.ATLNHW
  • 31.WORPET
  • 32.RHI